 Dungeon Crawl Stone Soup version 0.29.0-5-ge4962eb29e (webtiles) character file.

Game seed: 10407168613999964790

7345 Spectrina the Pacifist (level 10, -1/60 HPs)
             Began as a Deep Elf Monk on Aug 28, 2022.
             Was an Elder of Elyvilon.
             Slain by an iguana (9 damage)
             ... on level 1 of the Lair of Beasts.
             The game lasted 00:53:44 (5244 turns).

Spectrina the Pacifist (Deep Elf Monk)              Turns: 5244, Time: 00:53:44

Health: -1/60      AC: 17    Str:  7    XL:     10   Next: 91%
Magic:  21/21      EV: 11    Int: 19    God:    Elyvilon [****..]
Gold:   457        SH:  0    Dex: 24    Spells: 12/21 levels left

rFire   . . .      SeeInvis .   E - +0 short sword (venom)
rCold   . . .      Faith    +   (no shield)
rNeg    + . .      Spirit   .   P - +2 ring mail {rPois}
rPois   +          Reflect  .   o - +0 helmet
rElec   .          Harm     .   L - +2 ratskin cloak {*Rats rPois rN+ Str-1 Int-1 Dex+1}
rCorr   +          Rampage  .   g - +2 pair of gloves
Will    +....                   O - +2 pair of boots
Stlth   ++++......              u - amulet of faith
HPRegen 0.20/turn               s - ring of resist corrosion
MPRegen 0.17/turn               A - +6 ring of dexterity

@: no status effects
A: no striking features
a: Renounce Religion, Purification, Heal Other, Heal Self


You were on level 1 of the Lair of Beasts.
You worshipped Elyvilon.
Elyvilon was greatly pleased with you.
You visited 2 branches of the dungeon, and saw 10 of its levels.
You also visited: Ossuary.

You collected 457 gold pieces.

Inventory:

Hand Weapons
 a - a +2 spear of venom
 b - a +0 sling
 y - a +1 whip of freezing
 D - a +0 arbalest
 E - a +0 short sword of venom (weapon)
Missiles
 K - 2 curare-tipped darts
 R - 6 datura-tipped darts (quivered)
Armour
 g - a +2 pair of gloves (worn)
 k - a +0 robe
 o - a +0 helmet (worn)
 t - an orb of mayhem
 L - the +2 ratskin cloak (worn) {*Rats rPois rN+ Str-1 Int-1 Dex+1}
   (You found it on level 7 of the Dungeon)

   When the wearer is hurt, rats may emerge from it to assist them.
   Str:       It affects your strength (-1).
   Int:       It affects your intelligence (-1).
   Dex:       It affects your dexterity (+1).
   rPois:     It protects you from poison.
   rN:        It protects you from negative energy.
 O - a +2 pair of boots (worn)
 P - a +2 ring mail of poison resistance (worn)
Jewellery
 f - a ring of ice
 s - a ring of resist corrosion (left hand)
 u - an amulet of faith (around neck)
 A - a +6 ring of dexterity (right hand)
 F - a +6 ring of intelligence
Wands
 i - a wand of digging (4)
 l - a wand of flame (14)
 N - a wand of mindburst (4)
 Q - a wand of roots (5)
Scrolls
 h - a scroll of fog
 j - a scroll of magic mapping {unknown}
 n - a scroll of enchant armour
 p - a scroll of noise
 v - 3 scrolls of enchant weapon
 B - a scroll of teleportation
 G - 2 scrolls of poison {unknown}
 I - a scroll of fear {unknown}
 J - a scroll of immolation
 M - a scroll of vulnerability
Potions
 c - a potion of cancellation
 d - 4 potions of heal wounds
 e - 9 potions of curing
 m - 2 potions of haste
 q - 3 potions of flight
 r - a potion of magic {unknown}
 w - a potion of attraction
 x - a potion of lignification {unknown}
 z - a potion of ambrosia
 C - 3 potions of brilliance {unknown}
 H - a potion of resistance {unknown}
 S - a potion of berserk rage {unknown}


   Skills:
 - Level 6.0 Fighting
 - Level 3.0 Short Blades
 - Level 3.6 Dodging
 - Level 10.0 Stealth
 - Level 6.0 Spellcasting
 + Level 7.8 Translocations
 * Level 11.5 Invocations


You had 12 spell levels left.
You knew the following spells:

 Your Spells              Type           Power      Damage    Failure   Level
j - Lesser Beckoning      Tloc           35%        N/A       4%          3
l - Teleport Other        Tloc           35%        N/A       4%          3
q - Gell's Gravitas       Tloc           35%        N/A       4%          3

Your spell library contained the following spells:

 Spells                   Type           Power      Damage    Failure   Level
 Beastly Appendage        Tmut           10%        N/A       36%         1
 Wereblood                Tmut           5%         N/A       52%         2
 Spider Form              Tmut/Pois      5%         N/A       75%         3


Dungeon Overview and Level Annotations

Branches:
Dungeon (8/15)             Temple (0/1) D:4            Lair (2/5) D:8
Ossuary (visited)
  Swamp: Lair:2-3    Shoals: Lair:2-3     Snake: Lair:2-3    Spider: Lair:2-3

Altars:
Ashenzari
Cheibriados
Elyvilon
Kikubaaqudgha
Makhleb
Nemelex Xobeh
Sif Muna
Trog
Xom
Zin
The Shining One

Shops:
D:3 :   D:7 [[

Annotations:
D:4 Grinder
D:6 Sigmund
D:7 Joseph, Prince Ribbit
D:8 1 runed translucent door, quinnr's ghost, novice TeCj


Message History

You continue taking off your orb of mayhem.
You hear an angry hiss.
You continue taking off your orb of mayhem. x2
Magic restored.
You continue taking off your orb of mayhem.
You hear an angry hiss.
You finish taking off your orb of mayhem.
You hear an angry hiss.
Your +2 spear of venom stops dripping with poison.
Your +0 short sword of venom begins to drip with poison!
E - a +0 short sword of venom (weapon)
An iguana comes into view.
Found a sling.
The iguana hisses angrily.
The iguana moves out of view.
Found 37 gold pieces.
The iguana closely misses you.
You barely miss the iguana. The iguana barely misses you.
You closely miss the iguana. The iguana barely misses you.
You hit the iguana but do no damage.
The iguana is poisoned.
The iguana closely misses you.
You hit the iguana but do no damage.
The iguana is lightly wounded.
The iguana barely misses you.
You barely miss the iguana.
The iguana is lightly wounded.
The iguana bites you but does no damage.
The iguana attacks as you move away! The iguana closely misses you.
The iguana attacks as you move away!
The iguana bites you but does no damage.
You hit the iguana.
The iguana is lightly wounded.
The iguana bites you but does no damage.
You barely miss the iguana.
The iguana is lightly wounded.
The iguana bites you!
* * * LOW HITPOINT WARNING * * *
You hit the iguana but do no damage.
The iguana looks even sicker.
The iguana is lightly wounded.
The iguana bites you!
You die...

..### ##..#.###.....##....#..#
# ..## #..................P..#
# #..#
#P.........##P####..#...#
#..####.###.#########...##...#
#...# #. ####.)$$ ##...##..#
...#..P.##......#
######..#..####
#####...#.......#
........#.....# # #...#
#....####......##...... # #.
...##....l@..รท...###.......
###..
#..P####...##.##...##.....#
.#..#
...P###.####..#####.....##
....#
#.....###..............#.#
...## #......
#......P.......###
....##.......
###..>....##...##. ....P..#
#.### ##.....####.#....
......## #.#.###......#
####... ..###.##
#..###.......## ##...


You could see an iguana (very poisoned).

Vanquished Creatures
  2 elephants (Lair:1)
  3 blink frogs (Lair:1)
  4 yaks (Lair:1)
  3 water moccasins
  2 centaurs
  An ogre (D:7)
  A gnoll sergeant (D:7)
  6 bullfrogs
  A scorpion (D:7)
  2 howler monkeys (D:8)
  A hound (D:5)
  5 iguanas
  3 mummies (Ossuary)
  4 adders
  20 gnolls
  A shadow imp (D:3)
  2 ufetubi
  2 dart slugs (D:1)
  4 orcs
  7 bats
  5 endoplasms
  3 giant cockroaches (D:1)
  A gnoll zombie (Ossuary)
  8 goblins
  6 hobgoblins
  A jackal (D:1)
  3 quokkas
  3 ball pythons
  5 frilled lizards
  2 goblin zombies
  3 hobgoblin zombies (Ossuary)
  5 kobold zombies (Ossuary)
  An orc zombie (Ossuary)
  6 rats
126 creatures vanquished.

Vanquished Creatures (collateral kills)
  A cane toad (Lair:1)
  A basilisk (Lair:1)
  A yak (Lair:1)
  A scorpion (D:7)
  A gnoll bouda (D:7)
  An iguana (Lair:1)
  2 gnolls (D:7)
  4 orcs (D:7)
12 creatures vanquished.

Vanquished Creatures (others)
  2 blink frogs (Lair:1)
  A yak (Lair:1)
  An orc (D:5)
  4 fungi
  10 plants (Lair:1)
18 creatures vanquished.

Grand Total: 156 creatures vanquished

Notes
Turn   | Place    | Note
-------+----------+-------------------------------------------
     0 | D:1      | Spectrina the Deep Elf Monk began the quest for the Orb.
     0 | D:1      | Reached XP level 1. HP: 13/13 MP: 3/3
   105 | D:1      | Reached XP level 2. HP: 9/18 MP: 4/4
   657 | D:2      | Reached XP level 3. HP: 22/22 MP: 5/5
   707 | D:3      | Found Monem's Vocational Training.
   904 | D:3      | Reached skill level 5 in Stealth
   933 | D:3      | Found a glowing golden altar of the Shining One.
   933 | D:3      | Found a glowing silver altar of Zin.
   934 | D:3      | Found a white marble altar of Elyvilon.
   936 | D:3      | Became a worshipper of Elyvilon the Healer
   936 | D:3      | Reached * piety under Elyvilon
   936 | D:3      | Reached ** piety under Elyvilon
  1140 | D:3      | Found a faded altar of an unknown god.
  1209 | D:4      | Found a snail-covered altar of Cheibriados.
  1210 | D:4      | Found an ancient bone altar of Kikubaaqudgha.
  1219 | D:4      | Found a staircase to the Ecumenical Temple.
  1324 | D:4      | Found a bloodstained altar of Trog.
  1326 | D:4      | Found a sparkling altar of Nemelex Xobeh.
  1417 | D:3      | Reached skill level 1 in Invocations
  1417 | D:3      | Reached XP level 4. HP: 27/27 MP: 6/6
  1765 | D:5      | Entered Level 5 of the Dungeon
  1817 | D:5      | Reached *** piety under Elyvilon
  1825 | D:5      | Reached skill level 2 in Invocations
  1909 | D:5      | Noticed an ogre
  1935 | D:5      | Learned a level 3 spell: Teleport Other
  1951 | D:5      | Reached XP level 5. HP: 15/31 MP: 5/8
  2023 | D:5      | Noticed a water moccasin
  2029 | D:5      | Killed a water moccasin
  2030 | D:5      | Reached skill level 1 in Spellcasting
  2030 | D:5      | Reached skill level 1 in Translocations
  2030 | D:5      | Reached skill level 3 in Invocations
  2030 | D:5      | Reached XP level 6. HP: 28/37 MP: 8/10
  2304 | D:4      | Found a shimmering blue altar of Sif Muna.
  2305 | D:4      | Found a burning altar of Makhleb.
  2316 | D:4      | Found a shimmering altar of Xom.
  2336 | D:4      | Found a broken altar of Ashenzari.
  2423 | D:4      | Elyvilon protects you from harm!
  2437 | D:4      | Reached skill level 4 in Invocations
  2462 | D:4      | Learned a level 3 spell: Lesser Beckoning
  2466 | D:4      | Learned a level 3 spell: Gell's Gravitas
  2641 | D:4      | Noticed Grinder
  2642 | D:4      | Paralysed by Grinder for 4 turns
  2776 | D:4      | Noticed an orc warrior
  2827 | D:5      | Was placed under penance by Elyvilon
  2828 | D:5      | Reached XP level 7. HP: 32/41 MP: 9/12
  2905 | D:6      | Noticed Sigmund
  2948 | D:6      | Was forgiven by Elyvilon
  3121 | D:7      | Found Zudyparr's Antique Armour Emporium.
  3141 | D:7      | Reached skill level 5 in Invocations
  3152 | D:7      | Noticed Prince Ribbit
  3191 | D:7      | Reached **** piety under Elyvilon
  3206 | D:7      | Found a sand-covered staircase.
  3212 | D:7      | Reached XP level 8. HP: 25/48 MP: 15/15
  3215 | Ossuary  | Entered an ossuary
  3705 | D:7      | Noticed Joseph
  3785 | D:7      | Found the +2 ratskin cloak {*Rats rPois rN+ Str-1 Int-1
                  | Dex+1}
  3997 | D:8      | Found a runed translucent gate.
  3997 | D:8      | Noticed quinnr's ghost (novice TeCj)
  4007 | D:8      | Reached skill level 6 in Invocations
  4153 | D:7      | Found Taryxa's Armour Shop.
  4252 | D:8      | Found a staircase to the Lair.
  4257 | Lair:1   | Entered Level 1 of the Lair of Beasts
  4270 | Lair:1   | Noticed a cane toad
  4277 | Lair:1   | Reached ***** piety under Elyvilon
  4390 | Lair:1   | Reached skill level 5 in Spellcasting
  4390 | Lair:1   | Reached skill level 7 in Invocations
  4394 | Lair:1   | Reached XP level 9. HP: 37/52 MP: 18/18
  4497 | Lair:1   | Noticed an elephant
  4497 | Lair:1   | Noticed an elephant
  4498 | Lair:1   | Noticed an elephant
  4513 | Lair:1   | Noticed an elephant
  4514 | Lair:1   | Pacified an elephant
  4515 | Lair:1   | Reached skill level 5 in Translocations
  4520 | Lair:1   | Pacified an elephant
  4521 | Lair:1   | Reached skill level 5 in Fighting
  4521 | Lair:1   | Reached skill level 8 in Invocations
  4521 | Lair:1   | Pacified an elephant
  4523 | Lair:1   | Pacified an elephant
  4524 | Lair:1   | Reached skill level 9 in Invocations
  4710 | Lair:1   | Noticed a cane toad
  4726 | Lair:1   | Reached XP level 10. HP: 59/59 MP: 16/21
  4727 | Lair:1   | Pacified a cane toad
  4879 | Lair:1   | Noticed a black mamba
  4911 | Lair:1   | Elyvilon protects you from harm!
  4980 | Lair:1   | Noticed a cane toad
  4990 | Lair:1   | Noticed an elephant
  4991 | Lair:1   | Noticed an elephant
  4996 | Lair:1   | Pacified an elephant
  4997 | Lair:1   | Reached skill level 10 in Stealth
  4997 | Lair:1   | Reached skill level 10 in Invocations
  4998 | Lair:1   | Noticed an elephant
  5019 | Lair:1   | Killed an elephant
  5055 | Lair:1   | Pacified a cane toad
  5056 | Lair:1   | Pacified a cane toad
  5057 | Lair:1   | Reached skill level 11 in Invocations
  5060 | Lair:1   | Killed an elephant
  5062 | Lair:1   | Killed a cane toad
  5244 | Lair:1   | Slain by an iguana

Illustrated notes

Levels and vault maps discovered:
D:1:      minmay_arrival_diagonal_passages, layout_loops_cross,
          minmay_surrounded
D:2:      layout_basic, due_unseen_surprise
D:3:      layout_basic, good_gods_mini_temple,
          dreamdust_ecumenical_altar_hidden_monk_grotto, nicolae_shop_vocational
D:4:      layout_basic, grunt_temple_overflow_open, temple_pool_b, serial_shops,
          shop, uniq_grinder
D:5:      layout_loops_ring, minmay_fountain_box, nicolae_shop_fire_sale
          [nicolae_sub_dead_trees], minmay_holes, minmay_misc_feat_tiny,
          hangedman_minor_gate_pass
D:6:      layout_cave_pools, kennysheep_generic_room_2, uniq_sigmund
D:7:      layout_loops_corners, nicolae_ossuary_entry_giza, enter_bailey_3,
          serial_shops, nicolae_lakefront_shop,
          nicolae_shop_competitors_out_of_business, uniq_prince_ribbit1,
          uniq_joseph, uniq_crazy_yiuf_cottage
D:8:      layout_rooms, lair_entry_dummy, serial_shops, nicolae_shop_crystal,
          ebering_ghost_rock_garden, minmay_misc_feat_four_crosses,
          minmay_ruffians
Lair:1:   beast_lair_carwin_large_1, layout_layer_cave, serial_bayou_pond_e,
          grunt_forest_large_clearing_hut
Lair:2:   layout_gridlike, swamp_mist, dummy_snake_entry, serial_rivers,
          chequers_serial_rivers_marsh, chequers_serial_rivers_marsh,
          chequers_serial_rivers_micro_a, chequers_serial_rivers_large_a,
          chequers_serial_rivers_small_b, basic_altar

Skill      XL: |  1  2  3  4  5  6  7  8  9 10 |
---------------+-------------------------------+-----
Stealth        | 3 4 5 6 7 8 9 10 | 10.0
Invocations    | 1 2 3 4 5 7 9 11 | 11.5
Fighting       | 3 4 5 6 |  6.0
Spellcasting   | 1 2 3 5 6 |  6.0
Translocations | 1 2 3 4 6 7 |  7.8
Short Blades   | |  3.0
Dodging        | |  3.6

Action                   |  1- 3 |  4- 6 |  7- 9 | 10-12 || total
-------------------------+-------+-------+-------+-------++-------
Melee: Short sword       |   177 |    92 |    67 |    44 ||   380
       Punch             |     1 |     4 |     4 |       ||     9
       Whip              |       |     3 |       |       ||     3
       Spear             |       |       |   110 |    30 ||   140
 Fire: Sling             |       |    11 |    23 |     3 ||    37
Throw: Dart              |       |       |     1 |     1 ||     2
 Cast: Teleport Other    |       |       |     5 |     6 ||    11
Invok: Heal Other        |       |     5 |     9 |     8 ||    22
       Heal Self         |       |     1 |       |     1 ||     2
Evoke: Wand              |       |     3 |     4 |       ||     7
  Use: Potion            |     1 |     1 |     3 |       ||     5
       Scroll            |       |     5 |    14 |       ||    19
 Stab: Sleeping          |     8 |    11 |     6 |     1 ||    26
       Distracted        |       |     1 |     1 |       ||     2
       Invisible         |       |       |     5 |       ||     5
Armor: Robe              |    51 |    20 |    34 |       ||   105
       Ring mail         |       |       |    16 |    55 ||    71
Dodge: Dodged            |   137 |    71 |   120 |    66 ||   394
